 Dungeon Crawl Stone Soup version 0.32-a0-814-g0968bab981 (webtiles) character file.

Game seed: 11975868735275207294

2071 Rohain the Covert (level 9, 0/45 HPs)
             Began as a Vampire Enchanter on Mar 22, 2024.
             Slain by an orc
             ... wielding a +0 flail
              (7 damage)
             ... on level 7 of the Dungeon.
             The game lasted 00:11:26 (6695 turns).

Rohain the Covert (Vampire Enchanter)               Turns: 6695, Time: 00:11:27

Health: 0/45       AC:  5    Str:  7    XL:     9   Next: 5%
Magic:  25/25      EV: 14    Int: 17    God:
Gold:   182        SH:  0    Dex: 19    Spells: 9/17 levels left

rFire   + . .        a - +1 dagger
rCold   + + .        (no shield)
rNeg    + + +        b - +0 robe
rPois   ∞            f - +1 helmet
rElec   .            (no cloak)
rCorr   .            (no gloves)
SInv    +            d - +0 pair of boots
Will    .....        p - amulet of regeneration
Stlth   +++++++      k - ring of magical power
HPRegen 0.00/turn    o - ring of protection from fire
MPRegen 0.19/turn

%: no passive effects
@: bloodless, inhibited regen
A: bloodless, fangs 3, see invisible, vampiric 2
a: Bat Form, Revivify


You were on level 7 of the Dungeon.
You visited 1 branch of the dungeon, and saw 7 of its levels.

You collected 182 gold pieces.

Inventory:

Hand Weapons
 a - a +1 dagger (weapon)
Armour
 b - a +0 robe (worn)
 d - a +0 pair of boots (worn)
 f - a +1 helmet (worn)
Jewellery
 i - an amulet of faith
 k - a ring of magical power (left hand)
 o - a ring of protection from fire (right hand)
 p - an amulet of regeneration (around neck)
Wands
 n - a wand of digging (5)
Scrolls
 e - a scroll of poison
 h - 2 scrolls of teleportation
 j - 2 scrolls of enchant weapon
 m - a scroll of enchant armour
Potions
 g - 2 potions of brilliance
 l - a potion of heal wounds {unknown}
 q - 2 potions of curing
 r - a potion of enlightenment {unknown}
 s - a potion of lignification {unknown}


   Skills:
 + Level 5.3 Short Blades
 + Level 5.6 Dodging
 * Level 11.6 Stealth
 + Level 4.7 Spellcasting
 + Level 8.2 Hexes


You had 9 spell levels left.
You knew the following spells:

 Your Spells              Type           Power      Damage    Failure   Level
a - Ensorcelled Hibernat  Hex/Ice        36%        N/A       4%          2
b - Confusing Touch       Hex            32%        N/A       1%          3
c - Tukima's Dance        Hex            32%        N/A       1%          3

Your spell library contained the following spells:

 Spells                   Type           Power      Damage    Failure   Level
 Dazzling Flash           Conj/Hex       36%        N/A       9%          3
 Summon Small Mammal      Summ           16%        N/A       14%         1
 Dimensional Bullseye     Hex/Tloc       9%         N/A       26%         4
 Call Canine Familiar     Summ           4%         N/A       41%         3
 Iskenderun's Mystic Bla  Conj/Tloc      4%         2d3       82%         4
 Summon Blazeheart Golem  Fire/Summ      4%         N/A       82%         4


Dungeon Overview and Level Annotations

Branches:
Dungeon (7/15)             Temple (0/1) D:6

Altars:
Vehumet

Annotations:
D:4 3 runed translucent doors, CrossHare's ghost, novice GnWn


Innate Abilities, Weirdness & Mutations

You do not regenerate when monsters are visible.
You are frail without blood (-20% HP).
You can heal yourself when you bite living creatures.
You are immune to poison.
You have razor-sharp teeth.
You have supernaturally acute eyesight. (SInv)
You are afflicted with vampirism and can become a bat while bloodless.


Message History

Done exploring.
There is a stone staircase leading down here.
You climb downwards.
There is a stone staircase leading up here.
You open the door.
Found 9 stones.
There is an open door here.
An orc comes into view. It is wielding a +0 flail.
An orc is nearby!
An orc and an ufetubus come into view.
An orc and a centaur come into view.
The centaur shouts!
You hear a shout!
The centaur wields a +1 shortbow of freezing.
It is covered in frost.
The centaur shoots an arrow.
The arrow misses you.
The orc shouts!
The centaur shoots an arrow.
The arrow barely misses you. The orc hits you with a +0 flail.
The orc throws a boomerang.
The boomerang closely misses you.
You hit the orc.
The orc is lightly wounded.
The centaur shoots an arrow.
The arrow hits you! The orc completely misses you.
You hit the orc but do no damage.
The orc is lightly wounded.
The centaur shoots an arrow.
The arrow hits you. The arrow freezes you. The orc closely misses you.
The orc completely misses you.
The centaur shoots an arrow.
The arrow closely misses you. The orc attacks as it pursues you!
The orc hits you with a +0 club.
The centaur shoots an arrow.
The arrow misses you.
The centaur shoots an arrow.
The arrow hits you! The orc attacks as it pursues you! The orc misses you.
The centaur shoots an arrow.
The arrow hits you!
* * * LOW HITPOINT WARNING * * *
The orc attacks as it pursues you! The orc barely misses you.
Casting: Tukima's Dance (safe; 1% risk of failure)
Confirm with . or Enter, or press ? or * to list all spells.
Okay, then.
The orc hits you with a +0 club.
* * * LOW HITPOINT WARNING * * *
The orc attacks as it pursues you! The orc hits you with a +0 flail!
You die...

#.............#
#.............#
####.........(...#
.................#
.......$.........###
.................#<#
........c...o....#.#
............o....#.#
............o@...'.#
###..............###
#..............#
#.##.........### #.
#.#...###.# ...+....
... >.. ##
#...#.#### #.. # .
....... ..#.# ..
###### ..#.#


You could see a centaur and 3 orcs.

Vanquished Creatures
  Grinder (D:6)
  Sigmund (D:3)
  Edmund (D:6)
  A water moccasin (D:5)
  2 black bears
  A kobold brigand (D:6)
  A centaur (D:5)
  An ogre (D:4)
  2 bullfrogs
  2 scorpions
  2 wights (D:6)
  2 bombardier beetles (D:4)
  4 hounds
  2 jellies
  A gnoll bouda (D:7)
  2 sleepcaps
  Terence (D:3)
  5 iguanas
  7 adders
  3 gnolls (D:7)
  A white imp (D:6)
  2 ufetubi (D:6)
  2 ribbon worms
  15 orcs
  5 endoplasms
  7 giant cockroaches
  5 goblins
  8 hobgoblins
  6 jackals
  11 kobolds
  4 ball pythons
  8 bats
  4 frilled lizards
  A rat (D:2)
121 creatures vanquished.

Vanquished Creatures (collateral kills)
  A wight (D:6)
1 creature vanquished.

Vanquished Creatures (others)
  A butterfly (D:3)
1 creature vanquished.

Grand Total: 123 creatures vanquished

Notes
Turn   | Place    | Note
-------+----------+-------------------------------------------
     0 | D:1      | Rohain the Vampire Enchanter began the quest for the Orb.
     0 | D:1      | Reached XP level 1. HP: 13/13 MP: 3/3
   746 | D:1      | Reached XP level 2. HP: 19/19 MP: 5/5
  1015 | D:2      | Learned a level 2 spell: Ensorcelled Hibernation
  1062 | D:2      | Reached skill level 5 in Stealth
  1162 | D:2      | Gained mutation: You are afflicted with vampirism and can
                  | become a bat while bloodless. [Vampire growth]
  1162 | D:2      | Reached XP level 3. HP: 1/24 MP: 1/6
  1303 | D:2      | Found a faded altar of an unknown god.
  1698 | D:2      | Reached skill level 5 in Hexes
  1698 | D:2      | Reached XP level 4. HP: 24/24 MP: 7/7
  2232 | D:3      | You fall into a shaft and drop 1 floor!
  2232 | D:4      | Found a radiant altar of Vehumet.
  2294 | D:4      | Noticed a black bear
  2301 | D:4      | Killed a black bear
  2302 | D:4      | Reached skill level 6 in Stealth
  2302 | D:4      | Reached XP level 5. HP: 28/28 MP: 9/9
  2475 | D:3      | Noticed Terence
  2496 | D:3      | Killed Terence
  2657 | D:3      | Reached skill level 7 in Stealth
  2877 | D:3      | Noticed Sigmund
  2884 | D:3      | Killed Sigmund
  2885 | D:3      | Reached XP level 6. HP: 32/32 MP: 10/10
  3379 | D:4      | Reached skill level 8 in Stealth
  3379 | D:4      | Reached XP level 7. HP: 36/36 MP: 11/11
  3473 | D:4      | Found a runed translucent gate.
  3473 | D:4      | Found a runed translucent gate.
  3473 | D:4      | Found a runed translucent gate.
  3774 | D:4      | Noticed CrossHare's ghost (novice GnWn)
  3849 | D:5      | Entered Level 5 of the Dungeon
  4012 | D:5      | Reached skill level 9 in Stealth
  4541 | D:5      | Learned a level 3 spell: Confusing Touch
  4545 | D:5      | Learned a level 3 spell: Tukima's Dance
  4611 | D:5      | Reached XP level 8. HP: 41/41 MP: 13/13
  5445 | D:6      | Reached skill level 10 in Stealth
  5641 | D:6      | Noticed Edmund
  5648 | D:6      | Killed Edmund
  5649 | D:6      | Reached skill level 5 in Dodging
  6013 | D:6      | Noticed Grinder
  6050 | D:6      | Killed Grinder
  6051 | D:6      | Reached skill level 11 in Stealth
  6161 | D:6      | Found a staircase to the Ecumenical Temple.
  6193 | D:6      | Reached skill level 5 in Short Blades
  6461 | D:7      | Reached XP level 9. HP: 41/45 MP: 1/16
  6695 | D:7      | Slain by an orc

Illustrated notes

Levels and vault maps discovered:
D:1:      psy_arrival_radial01, layout_basic, kennysheep_small_spiral
D:2:      layout_basic, serial_forest, infiniplex_forest_end_2,
          infiniplex_forest_straight_2, infiniplex_forest_clump_tiny,
          infiniplex_forest_lined_2, infiniplex_forest_join,
          infiniplex_forest_clump_curved, infiniplex_forest_fountain,
          infiniplex_forest_lined_1, ebering_ecumenical_altar_abandoned,
          chequers_serial_rivers_small_a
D:3:      layout_loops_corners, nicolae_elyvilon_peaceful_grove,
          eino_tiny_chamber, uniq_sigmund, uniq_terence
D:4:      layout_loops_ring, nicolae_vehumet_altar_sigil, gammafunk_ghost_icy
D:5:      layout_loops_ring, feat_on_display
D:6:      layout_basic, minmay_temple_entry_glassed_door, eino_tiny_chamber,
          uniq_edmund, uniq_grinder
D:7:      layout_basic, lightli_orcish_oven

Skill      XL: |  1  2  3  4  5  6  7  8 |
---------------+-------------------------+-----
Stealth        | 5 6 7 8 9 11 | 11.6
Hexes          | 5 6 7 8 |  8.2
Short Blades   | 2 3 4 5 |  5.3
Dodging        | 3 4 5 |  5.6
Spellcasting   | 3 4 |  4.7

Action                     |  1- 3 |  4- 6 |  7- 9 || total
---------------------------+-------+-------+-------++-------
  Melee: Dagger            |   118 |    74 |   174 ||   366
         Bite              |     6 |     4 |    24 ||    34
   Cast: Ensorcelled Hiber |     2 |     7 |    36 ||    45
         Confusing Touch   |       |       |    12 ||    12
         Tukima's Dance    |       |       |    10 ||    10
Ability: Exsanguinate      |     1 |       |       ||     1
    Use: Scroll            |     1 |     7 |     3 ||    11
         Potion            |     2 |       |     3 ||     5
   Stab: Sleeping          |    12 |    23 |    30 ||    65
         Invisible         |     3 |       |     2 ||     5
         Confused          |       |       |     7 ||     7
 Armour: Robe              |    60 |    26 |   142 ||   228
  Dodge: Dodged            |    76 |    29 |   210 ||   315

Table legend: (Time is in decaauts)
 A = Elapsed time spent in this place.
 B = Non-inter-level travel time spent in this place.
 C = Inter-level travel time spent in this place.
 D = Time resting spent in this place.
 E = Time spent auto-exploring this place.
 F = Levels seen in this place.
 G = Mean time per level.
                   A        B        C        D        E       F      G
               +--------+--------+--------+--------+--------+-----+--------+
         Total |   6621 |   6395 |    226 |    658 |   4482 |   7 |  945.9 |
       Dungeon |   6621 |   6395 |    226 |    658 |   4482 |   7 |  945.9 |
               +--------+--------+--------+--------+--------+-----+--------+

Top non-repeatable levels by time:
     D:6: 1355 daAuts
     D:5: 1298 daAuts
     D:2: 1243 daAuts
     D:3: 961 daAuts
     D:1: 945 daAuts
     D:4: 680 daAuts
     D:7: 136 daAuts
